 Dungeon Crawl Stone Soup version 0.26-a0-490-gf8362a0c98 (webtiles) character file.

Game seed: 12761996483940539418

625 ANON1729 the Skirmisher (level 7, 0/58 HPs)
             Began as a Palentonga Delver on Aug 4, 2020.
             Slain by Harold
             ... wielding a +2 short sword of speed
              (9 damage)
             ... on level 8 of the Dungeon.
             The game lasted 00:09:43 (2808 turns).

ANON1729 the Skirmisher (Palentonga Delver)         Turns: 2808, Time: 00:09:43

Health: 0/58       AC:  5    Str: 17    XL:     7   Next: 23%
Magic:  7/7        EV:  5    Int: 11    God:
Gold:   167        SH:  0    Dex: 11    Spells: 6/6 levels left

rFire    + . .     SeeInvis +   i - +10 war axe of Fasuop {vamp, rPois rF+}
rCold    . . .     Faith    .   (no shield)
rNeg     . . .     Spirit   .   b - +0 leather armour
rPois    +         Reflect  .   (no helmet)
rElec    .         Harm     .   (no cloak)
rCorr    .                      j - +0 pair of gloves
MR       .....                  (boots restricted)
Stlth    ++........             (no amulet)
HPRegen  0.19/turn              (no ring)
MPRegen  0.10/turn              (no ring)

@: mighty, brilliant, held, hasted, very quick
A: large, rugged brown scales 3, see invisible, deformed body, roll, armoured
tail
a: Rolling Charge


You were on level 8 of the Dungeon.
You visited 2 branches of the dungeon, and saw 5 of its levels.

You collected 167 gold pieces.

Inventory:

Hand Weapons
 a - a +0 falchion
 i - the +10 war axe of Fasuop (weapon) {vamp, rPois rF+}
   (You found it on level 5 of the Dungeon)

   It inflicts no extra harm, but heals its wielder when it wounds a living foe.
   It protects you from fire.
   It protects you from poison.
Armour
 b - a +0 leather armour (worn)
 j - a +0 pair of gloves (worn)
Wands
 g - a wand of digging (3)
 l - a wand of enslavement (3)
 t - a wand of paralysis (5)
Scrolls
 c - a scroll of fog
 d - a scroll of magic mapping
 h - 5 scrolls of identify {unknown}
 k - 2 scrolls of teleportation {unknown}
 m - 2 scrolls of remove curse {unknown}
 o - a scroll of blinking {unknown}
 p - a scroll of amnesia {unknown}
 s - a scroll of immolation {unknown}


   Skills:
 + Level 4.8 Fighting
 - Level 2.7 Long Blades
 + Level 3.0 Axes
 + Level 3.5 Dodging
 + Level 4.5 Stealth


You had 6 spell levels left.
You didn't know any spells.
Your spell library contained the following spells:

 Spells                   Type           Power        Failure   Level
 Animate Skeleton         Necr           #.....       41%         1
 Apportation              Tloc           #.....       41%         1
 Corona                   Hex            #......      41%         1
 Magic Dart               Conj           #...         41%         1
 Summon Small Mammal      Summ           #...         41%         1
 Blink                    Tloc           N/A          54%         2
 Call Imp                 Summ           #.......     54%         2
 Slow                     Hex            #.......     54%         2
 Conjure Flame            Conj/Fire      #.......     78%         3
 Mephitic Cloud           Conj/Pois/Air  #.......     78%         3


Dungeon Overview and Level Annotations

Branches:
Dungeon (8/15)             Temple (1/1) D:5
   Lair: D:8-11

Altars:
Ashenzari
Cheibriados
Elyvilon
Fedhas
Kikubaaqudgha
Makhleb
Qazlal
Ru
Uskayaw
Wu Jian
Yredelemnul

Shops:
D:6 :

Annotations:
D:5 exclusion: jelly
D:8 Harold


Innate Abilities, Weirdness & Mutations

You are completely covered in rugged brown scales. (AC +3, +7% HP)
You have supernaturally acute eyesight. (SInv)
Armour fits poorly on your strangely shaped body.
You can roll at foes to attack.
You have a long armoured tail.


Message History

Harold hits you with a +2 short sword of speed!
You feel yourself speed up. The kobold hits you but does no damage.
Harold hits you with a +2 short sword of speed.
You barely miss Harold.
Harold is lightly wounded.
You closely miss the kobold. The kobold barely misses you.
Harold hits you with a +2 short sword of speed!
* * * LOW HITPOINT WARNING * * *
Harold throws a throwing net.
The throwing net hits you.
You become entangled in the net!
You see here a throwing net.
It was a potion of might.
You feel very mighty all of a sudden.
It was a potion of brilliance.
You feel clever all of a sudden. The kobold hits you but does no damage.
Okay, then.
You struggle against the net.
The kobold hits you but does no damage.
Harold hits you with a +2 short sword of speed!
You die...

#. #$... #[ #...
####.##..#
.....#..#
#..#..####..
#!.<........
##.#..####..
#.#@.#....
#.@K.......
..........#.....
########........
.........
#######.. ##


You could see Harold and a kobold.

Vanquished Creatures
  A sky beast (D:5)
  An ice beast (D:6)
  2 centaurs
  2 scorpions (D:5)
  A quasit (D:6)
  A hound (D:6)
  A jelly (D:5)
  A worker ant (D:6)
  2 gnolls (D:5)
  A shadow imp (D:5)
  A white imp (D:5)
  2 leopard geckos
  9 orcs
  2 giant cockroaches (D:5)
  5 jackals
  2 quokkas
  A jackal skeleton (D:6)
  2 kobolds (D:7)
  A leopard gecko skeleton (D:6)
38 creatures vanquished.

Vanquished Creatures (collateral kills)
  A gnoll (D:5)
1 creature vanquished.

Vanquished Creatures (others)
  A gnoll (D:5)
  3 bushes (D:8)
  5 fungi (D:8)
  6 plants (D:8)
  8 toadstools (D:6)
23 creatures vanquished.

Grand Total: 62 creatures vanquished

Notes
Turn   | Place    | Note
-------+----------+-------------------------------------------
     0 | D:5      | ANON1729 the Palentonga Delver began the quest for the Orb.
     0 | D:5      | Reached XP level 1. HP: 19/19 MP: 1/1
   215 | D:5      | Reached XP level 2. HP: 21/25 MP: 2/2
   513 | D:5      | Found a staircase to the Ecumenical Temple.
   530 | Temple   | Entered the Ecumenical Temple
   734 | D:5      | Noticed a scorpion
   758 | D:5      | Killed a scorpion
   758 | D:5      | Reached XP level 3. HP: 15/31 MP: 3/3
   758 | D:5      | Reached XP level 4. HP: 19/37 MP: 4/4
  1048 | D:5      | Got a crystal war axe
  1049 | D:5      | Identified the +10 war axe of Fasuop {vamp, rPois rF+} (You
                  | found it on level 5 of the Dungeon)
  1227 | D:5      | Reached skill level 1 in Axes
  1227 | D:5      | Reached XP level 5. HP: 44/44 MP: 5/5
  1332 | D:5      | Noticed a centaur
  1338 | D:5      | Killed a centaur
  1474 | D:5      | Reached XP level 6. HP: 51/51 MP: 6/6
  1628 | D:5      | Noticed a sky beast
  1643 | D:5      | Killed a sky beast
  2154 | D:6      | Noticed an ice beast
  2160 | D:6      | Killed an ice beast
  2160 | D:6      | Reached XP level 7. HP: 58/58 MP: 7/7
  2197 | D:6      | Found Qucutoahyst's Book Emporium.
  2210 | D:6      | You fall into a shaft and drop 1 floor!
  2210 | D:7      | Noticed a two-headed ogre
  2235 | D:7      | Noticed Harold
  2808 | D:8      | Slain by Harold

Illustrated notes

Levels and vault maps discovered:
D:5:      layout_loops_ring, minmay_temple_entry_offerings,
          kennysheep_generic_room_8
D:6:      cheibrodos_fertilizer, layout_basic,
          grunt_temple_overflow_gold_and_silver, kennysheep_mini, serial_shops,
          nicolae_shop_stone, minmay_pentangle
D:7:      layout_rooms, lemuel_crystal_altar, okawaru_humans,
          gammafunk_temple_overflow_forgotten, gammafunk_ghost_gnarly_gnolls,
          uniq_duvessa, uniq_menkaure, uniq_harold
D:8:      minmay_spotlight, layout_loops_ring, lemuel_crystal_altar,
          minmay_lair_entry_grove, serial_shops, shop, minmay_small_thing,
          uniq_prince_ribbit1, uniq_maurice, uniq_psyche
Temple:   jpeg_temple_clearing

Skill      XL: |  1  2  3  4  5  6 |
---------------+-------------------+-----
Dodging        | 2 3 |  3.5
Axes           | 1 3 |  3.0
Fighting       | 4 |  4.8
Stealth        | 4 |  4.5
Long Blades    | |  2.7

Action                   |  1- 3 |  4- 6 |  7- 9 || total
-------------------------+-------+-------+-------++-------
Melee: Falchion          |    45 |       |       ||    45
       Tailslap          |     3 |     3 |     3 ||     9
       War axe           |       |    63 |    13 ||    76
 Abil: Rolling Charge    |     2 |     2 |       ||     4
Evoke: Wand              |     2 |       |       ||     2
  Use: Potion            |     2 |       |     4 ||     6
       Scroll            |       |       |     1 ||     1
 Stab: Sleeping          |     2 |       |       ||     2
Armor: Leather armour    |     6 |    26 |    19 ||    51
       Skin              |    14 |       |       ||    14
Dodge: Dodged            |    20 |    43 |    22 ||    85
       Rpst.: Falchion   |     3 |       |       ||     3

Table legend: (Time is in decaauts)
 A = Elapsed time spent in this place.
 B = Non-inter-level travel time spent in this place.
 C = Inter-level travel time spent in this place.
 D = Time resting spent in this place.
 E = Time spent auto-exploring this place.
 F = Levels seen in this place.
 G = Mean time per level.
                   A        B        C        D        E       F      G
               +--------+--------+--------+--------+--------+-----+--------+
         Total |   2869 |   2845 |     24 |   1521 |    863 |   5 |  573.8 |
       Dungeon |   2775 |   2765 |     10 |   1521 |    785 |   4 |  693.8 |
        Temple |     93 |     79 |     14 |      0 |     78 |   1 |   93.0 |
               +--------+--------+--------+--------+--------+-----+--------+

Top non-repeatable levels by time:
     D:5: 1859 daAuts
     D:6: 599 daAuts
     D:8: 234 daAuts
  Temple: 93 daAuts
     D:7: 81 daAuts
